Map: Ruins of Endion

Players

Hydra - Winner!

  • Race: Zerg Zerg

Neeb

  • Race: Protoss Protoss

Event: DreamHack Open Tours WCS Spring Championship

VOD

Have the link to the VOD?

Description

Time

  • Played on: May 15, 2016, 6:32 a.m.
  • Length: 8:58

All games in this series

Show
View Real Time Build Order
Export as new Build Order

Hydra Zerg - Winner!

Build Orders: Hatch First 

Get SALT Encoding   

  12  0:00  Drone  
  13  0:12  Overlord  
  13  0:17  Drone  
  14  0:30  Drone  
  14  0:31  Drone  
  14  0:34  Drone  
  17  0:52  Hatchery  
  17  0:54  Drone  
  17  0:57  Drone  
  18  1:07  Drone  
  18  1:08  Extractor  
  18  1:16  Spawning Pool  
  17  1:18  Drone  
  18  1:28  Drone  
  19  1:38  Drone  
  20  1:50  Drone  
  21  2:01  Overlord  
  21  2:03  Queen  
  21  2:04  Zergling x2  
  26  2:10  Metabolic Boost  
  26  2:11  Drone  
  27  2:19  Drone  
  26  2:23  Hatchery  
  26  2:25  Drone  
  26  2:27  Drone  
  27  2:35  Drone  
  28  2:37  Drone  
  28  2:42  Queen  
  31  2:47  Pneumatized Carapace  
  31  2:50  Zergling x2  
  32  2:53  Zergling x2  
  32  2:57  Zergling x2  
  34  2:59  Zergling x2  
  35  3:06  Overlord  
  35  3:11  Evolution Chamber  
  35  3:12  Zergling x2  
  36  3:27  Drone  
  36  3:28  Drone x3  
  36  3:30  Queen  
  36  3:32  Drone  
  42  3:40  Drone x2  
  43  3:43  Overlord  
  43  3:48  Drone  
  44  3:49  Drone x2  
  46  4:00  Drone x2  
  46  4:01  Drone x2  
  46  4:02  Drone x2  
  51  4:03  Lair  
  51  4:10  Drone  
  51  4:12  Drone x2  
  54  4:21  Overlord  
  54  4:24  Extractor  
  53  4:25  Extractor, Drone  
  53  4:27  Drone  
  54  4:32  Overlord  
  54  4:35  Overlord x2  
  53  4:41  Drone  
  53  4:42  Drone  
  53  4:43  Drone x2  
  56  4:45  Overlord  
  56  4:49  Zerg Missile Weapons Level 1  
  56  4:50  Extractor  
  56  4:51  Drone x2  
  56  4:52  Overlord  
  55  4:54  Drone  
  55  4:56  Spore Crawler  
  55  4:57  Spore Crawler  
  55  4:58  Drone  
  55  4:59  Spore Crawler  
  54  5:00  Drone  
  54  5:01  Drone  
  54  5:03  Drone  
  56  5:07  Drone, Hydralisk Den  
  56  5:08  Drone  
  56  5:09  Drone  
  56  5:10  Drone  
  59  5:15  Drone x2  
  59  5:18  Drone  
  59  5:22  Drone x2  
  59  5:23  Drone x2  
  59  5:25  Drone  
  59  5:26  Drone  
  65  5:31  Drone  
  65  5:34  Extractor, Drone  
  66  5:36  Muscular Augments  
  66  5:37  Hydralisk x2  
  66  5:38  Hydralisk  
  71  5:48  Drone x2  
  71  5:49  Drone x4  
  75  5:51  Drone  
  75  5:52  Extractor  
  75  5:53  Hydralisk x2  
  79  6:01  Hydralisk x2  
  83  6:04  Hydralisk  
  83  6:07  Hydralisk x2  
  83  6:10  Drone  
  83  6:11  Drone  
  91  6:14  Overlord x2  
  91  6:19  Overlord x2  
  91  6:27  Overlord x2  
  91  6:33  Hydralisk x5  
  91  6:37  Hydralisk  
  103  6:40  Overseer  
  103  6:43  Hydralisk x2  
  107  6:49  Drone x2  
  107  6:53  Overseer  
  107  6:54  Hydralisk  
  109  7:00  Hydralisk  
  113  7:10  Hydralisk x3  
  113  7:12  Hatchery  
  113  7:14  Hydralisk  
  120  7:26  Hydralisk x3  
  120  7:28  Zergling x6  
  129  7:33  Overlord x4  
  129  7:51  Overlord  
  129  7:52  Overlord  
  129  7:53  Hydralisk x7  
  129  7:54  Overseer  
  141  8:08  Hydralisk x6  
  136  8:20  Zergling x2  
  136  8:21  Zergling x14  
  130  8:28  Hydralisk x4  
Show
View Real Time Build Order
Export as new Build Order

Neeb Protoss 

Build Orders: 1 Gate Expand, Phoenix Opening 

Get SALT Encoding   

  12  0:00  Probe (Chrono Boost)  
  13  0:11  Probe (Chrono Boost)  
  14  0:18  Pylon  
  14  0:21  Probe (Chrono Boost)  
  15  0:36  Probe (Chrono Boost), Gateway  
  16  0:47  Probe (Chrono Boost)  
  17  0:57  Probe (Chrono Boost)  
  17  0:59  Assimilator  
  18  1:08  Probe (Chrono Boost)  
  19  1:18  Nexus  
  19  1:21  Probe (Chrono Boost)  
  20  1:31  Cybernetics Core  
  20  1:34  Probe (Chrono Boost)  
  21  1:42  Assimilator  
  21  1:44  Probe (Chrono Boost)  
  22  1:49  Pylon  
  22  1:55  Probe (Chrono Boost)  
  22  1:58  Pylon  
  23  2:07  Probe (Chrono Boost)  
  23  2:08  Warp Gate  
  24  2:10  Adept (Chrono Boost)  
  26  2:19  Probe  
  27  2:29  Mothership Core (Chrono Boost)  
  29  2:31  Probe (Chrono Boost)  
  29  2:34  Adept (Chrono Boost)  
  32  2:42  Probe (Chrono Boost)  
  33  2:48  Probe (Chrono Boost)  
  34  2:53  Probe (Chrono Boost)  
  35  2:59  Probe (Chrono Boost)  
  35  3:00  Stargate  
  35  3:04  Probe (Chrono Boost)  
  37  3:10  Probe (Chrono Boost)  
  38  3:14  Probe (Chrono Boost)  
  38  3:16  Pylon  
  39  3:20  Probe (Chrono Boost)  
  39  3:25  Probe (Chrono Boost)  
  41  3:30  Gateway  
  41  3:31  Probe (Chrono Boost)  
  41  3:33  Gateway  
  42  3:35  Probe (Chrono Boost), Adept  
  42  3:40  Probe (Chrono Boost)  
  46  3:43  Phoenix (Chrono Boost)  
  46  3:45  Probe (Chrono Boost)  
  49  3:50  Probe  
  50  3:57  Probe  
  50  4:01  Probe, Nexus  
  49  4:05  Phoenix (Chrono Boost)  
  49  4:09  Pylon  
  53  4:10  Probe  
  53  4:12  Probe  
  53  4:14  Pylon  
  54  4:23  Probe  
  54  4:28  Adept x2  
  54  4:29  Probe  
  57  4:35  Probe  
  57  4:36  Phoenix (Chrono Boost)  
  60  4:40  Probe  
  61  4:47  Probe  
  61  4:49  Adept  
  61  4:50  Probe  
  64  4:55  Assimilator  
  64  4:56  Assimilator  
  64  5:01  Probe  
  64  5:02  Probe  
  64  5:04  Phoenix (Chrono Boost)  
  68  5:08  Pylon  
  68  5:11  Probe  
  69  5:14  Probe x2  
  71  5:22  Probe  
  71  5:24  Robotics Facility  
  71  5:25  Probe  
  71  5:26  Probe  
  74  5:32  Probe, Robotics Facility  
  74  5:35  Probe, Pylon  
  75  5:37  Forge  
  75  5:39  Probe  
  77  5:43  Probe  
  77  5:46  Probe  
  79  5:51  Probe, Sentry x2  
  79  5:56  Probe (Chrono Boost)  
  84  5:58  Probe (Chrono Boost)  
  84  5:59  Pylon  
  84  6:03  Probe (Chrono Boost), Protoss Ground Weapons Level 1  
  87  6:08  Probe (Chrono Boost), Pylon  
  87  6:10  Probe (Chrono Boost)  
  90  6:11  Observer (Chrono Boost)  
  90  6:14  Probe (Chrono Boost)  
  91  6:19  Gateway  
  91  6:20  Assimilator, Gateway  
  91  6:21  Gateway  
  91  6:23  Assimilator  
  91  6:27  Immortal (Chrono Boost)  
  91  6:31  Twilight Council  
  95  6:36  Probe, Immortal (Chrono Boost)  
  95  6:37  Probe  
  95  6:38  Probe  
  100  6:50  Pylon  
  100  6:52  Sentry  
  100  6:53  Zealot, Sentry, Pylon  
  110  7:01  Immortal (Chrono Boost)  
  110  7:07  Pylon  
  110  7:13  Immortal (Chrono Boost)  
  110  7:15  Sentry, Stalker  
  118  7:22  Pylon  
  118  7:23  Adept  
  118  7:26  Pylon  
  120  7:35  Probe  
  120  7:36  Probe  
  126  7:38  Immortal (Chrono Boost)  
  126  7:40  Gateway  
  126  7:42  Gateway  
  126  7:43  Pylon  
  126  7:47  Nexus  
  126  7:49  Immortal (Chrono Boost)  
  130  7:52  Robotics Bay  
  130  7:55  Stalker x2  
  134  8:04  Adept  
  126  8:12  Pylon  
  126  8:19  Stalker x2  
  107  8:28  Stalker  
  107  8:30  Probe x3  
  112  8:37  Sentry, Assimilator  
  112  8:38  Adept  
  112  8:39  Adept  
  112  8:42  Probe  
  112  8:45  Adept x2  
  114  8:51  Adept  

Tags
 
Add a new tag
Caveats
  • Supply blocks, unpowered buildings, or Contaminate may cause inaccurate times.
  • Supply counts are checked every 10 seconds.